[Event "Slovakian-ch Youth 2022"]
[Site "Lubovna"]
[Date "2022.05.25"]
[Round "6.11"]
[White "Cerven, Samuel"]
[Black "Carnecky, Viliam"]
[Result "1-0"]
[ECO "B18"]
[WhiteElo "1353"]
[BlackElo "1380"]
[Annotator "NA RC COMBH"]
[PlyCount "115"]
[EventDate "2022.05.22"]
[EventCountry "SVK"]
[SourceTitle "playchess.com"]
[Source "ChessBase"]
[SourceQuality "1"]
[TimeControl "40/5400+30:1800+30"]

1. e4 c6 2. d4 d5 3. Nc3 dxe4 4. Nxe4 Bf5 5. Ng3 Bg6 6. Nh3 h6 7. Nf4 Bh7 8. Bc4 e6 9. O-O Nf6 10. Re1 Be7 11. Bxe6 O-O 12. Bb3 Nbd7 13. Bd2 Nb6 14. c3 Re8 15. Qf3 Rb8 16. Rad1 c5 17. dxc5 Bxc5 18. Be3 Qc7 19. Bxc5 Rxe1+ 20. Rxe1 Qxc5 21. Nfh5 Nbd7 22. h3 Bg6 23. Nxf6+ Nxf6 24. Qe3 Qa5 25. Qf4 Rd8 26. Re5 Qc7 27. Qe3 b6 28. Nf5 Bxf5 29. Rxf5 Re8 30. Qc1 Re2 31. Rf3 Qe5 32. Re3 Rxe3 33. Qxe3 Qxe3 34. fxe3 Ne4 35. Kf1 Nd2+ 36. Ke2 Nxb3 37. axb3 Kf8 38. Kd3 Ke7 39. c4 Kd6 40. Kd4 f6 41. g4 g6 42. b4 Kc6 43. b5+ Kd6 44. b4 Ke6 45. Ke4 Kd6 46. Kd4 Ke6 47. c5 f5 48. c6 fxg4 49. hxg4 Kd6 50. Ke4 Ke6 51. Kf4 Kd6 52. e4 Ke6 53. e5 Ke7 54. Ke3 Ke6 55. Ke4 Ke7 56. Kd5 h5 57. gxh5 gxh5 58. Ke4 1-0

[Event "Slovakian-ch Youth 2022"]
[Site "Lubovna"]
[Date "2022.05.25"]
[Round "6.12"]
[White "Vida, Gergo"]
[Black "Kluska, Lukas"]
[Result "1-0"]
[ECO "C50"]
[WhiteElo "1821"]
[BlackElo "1215"]
[Annotator "NA RC COMBH"]
[PlyCount "69"]
[EventDate "2022.05.22"]
[EventCountry "SVK"]
[SourceTitle "playchess.com"]
[Source "ChessBase"]
[SourceQuality "1"]
[TimeControl "40/5400+30:1800+30"]

1. e4 e5 2. Nf3 Nc6 3. Bc4 Be7 4. c3 Nf6 5. d3 d6 6. Nbd2 O-O 7. b4 d5 8. Bb3 dxe4 9. dxe4 Qd3 10. Bb2 Nxe4 11. Bc4 Nxc3 12. Bxd3 Nxd1 13. Rxd1 Nxb4 14. Bb1 Be6 15. a3 Nc6 16. O-O a5 17. Be4 Bd7 18. Nc4 Be6 19. Ncxe5 Nxe5 20. Nxe5 Bf6 21. Rd2 Rfd8 22. Rfd1 c6 23. Rxd8+ Rxd8 24. Rxd8+ Bxd8 25. Nd3 f5 26. Bf3 g5 27. g3 Kf7 28. Nc5 Bc8 29. Kf1 Be7 30. Nb3 a4 31. Na5 b6 32. Nxc6 Bb7 33. Nxe7 Bxf3 34. Nxf5 Bg4 35. Nh6+ 1-0

[Event "Slovakian-ch Youth 2022"]
[Site "Lubovna"]
[Date "2022.05.25"]
[Round "6.12"]
[White "Mederly, Jan"]
[Black "Babjak, Samuel"]
[Result "0-1"]
[ECO "D00"]
[WhiteElo "1446"]
[BlackElo "1577"]
[Annotator "NA COMBH"]
[PlyCount "49"]
[EventDate "2022.05.22"]
[EventCountry "SVK"]
[SourceTitle "playchess.com"]
[Source "ChessBase"]
[SourceQuality "1"]
[TimeControl "40/5400+30:1800+30"]

1. d4 Nf6 2. Nc3 d5 3. Bf4 a6 4. e3 e6 5. Bd3 Bd6 6. Qf3 c5 7. Bxd6 Qxd6 8. g4 Nc6 9. dxc5 Qxc5 10. g5 Nd7 11. h4 Nde5 12. Qe2 b5 13. Nf3 Bb7 14. Rh3 Qb4 15. O-O-O Nc4 16. Bxc4 bxc4 17. e4 dxe4 18. Nxe4 O-O 19. Nf6+ gxf6 20. gxf6 c3 21. bxc3 Qxc3 22. Ng5 Qa1+ 23. Kd2 Rad8+ 24. Rd3 Rxd3+ 25. Qxd3 0-1

[Event "Slovakian-ch Youth 2022"]
[Site "Lubovna"]
[Date "2022.05.25"]
[Round "6.13"]
[White "Chovanec, Adrian"]
[Black "Rybiansky, Jergus"]
[Result "1/2-1/2"]
[ECO "B30"]
[WhiteElo "1498"]
[BlackElo "1379"]
[Annotator "NA COMBH"]
[PlyCount "70"]
[EventDate "2022.05.22"]
[EventCountry "SVK"]
[SourceTitle "playchess.com"]
[Source "ChessBase"]
[SourceQuality "1"]
[TimeControl "40/5400+30:1800+30"]

1. e4 c5 2. Nc3 Nc6 3. Nf3 e6 4. Bc4 Nf6 5. O-O Be7 6. h3 Nxe4 7. Nxe4 d5 8. Nxc5 Bxc5 9. Bb5 Bd7 10. d4 Bd6 11. c3 h6 12. Re1 O-O 13. Qd3 a6 14. Ba4 b5 15. Bc2 f5 16. Ne5 Rf6 17. Bf4 Bxe5 18. Bxe5 Rg6 19. Bf4 Qh4 20. Bg3 Qg5 21. Qe3 Rf8 22. Qxg5 hxg5 23. f3 Rgf6 24. Bd6 Rc8 25. Be5 Rf7 26. Re2 b4 27. Bg3 bxc3 28. bxc3 Na5 29. Be1 Rb8 30. Rb1 Rff8 31. Bd3 Rxb1 32. Bxb1 Rb8 33. Bd3 Rb6 34. Rc2 Kf7 35. Kf2 Nc4 1/2-1/2

[Event "Slovakian-ch Youth 2022"]
[Site "Lubovna"]
[Date "2022.05.25"]
[Round "6.13"]
[White "Otahal, Kristian"]
[Black "Kudela, Oliver"]
[Result "0-1"]
[ECO "D02"]
[WhiteElo "1000"]
[BlackElo "1344"]
[Annotator "NA RC COMBH"]
[PlyCount "98"]
[EventDate "2022.05.22"]
[EventCountry "SVK"]
[SourceTitle "playchess.com"]
[Source "ChessBase"]
[SourceQuality "1"]
[TimeControl "40/5400+30:1800+30"]

1. d4 d5 2. Nf3 Nf6 3. Bf4 Bf5 4. e3 e6 5. Be2 Nbd7 6. c4 c6 7. O-O dxc4 8. Bxc4 Nb6 9. b3 Nbd5 10. Bxd5 cxd5 11. Nbd2 Nh5 12. Bg3 Bd6 13. Bxd6 Qxd6 14. Ne5 f6 15. Nf7 Kxf7 16. Qxh5+ Bg6 17. Qe2 h5 18. g3 Rh6 19. Rac1 Rah8 20. h4 Bf5 21. Rfd1 Rg6 22. e4 Bg4 23. Qf1 Bxd1 24. Rxd1 Rc8 25. exd5 Qxd5 26. Qd3 Rg4 27. Nf3 Rd8 28. Rc1 Rd7 29. Rc5 Qe4 30. Qxe4 Rxe4 31. Kg2 g6 32. a4 Ke7 33. b4 Kd8 34. b5 Rc7 35. Nd2 Rxd4 36. Nb3 Rb4 37. Rxc7 Kxc7 38. Nc5 e5 39. f3 Rc4 40. Nd3 Rxa4 41. f4 exf4 42. Nxf4 Rxf4 43. gxf4 a6 44. bxa6 bxa6 45. Kf2 Kd6 46. Ke2 f5 47. Kd2 Kd5 48. Kd3 a5 49. Kc2 Ke4 0-1

[Event "Slovakian-ch Youth 2022"]
[Site "Lubovna"]
[Date "2022.05.25"]
[Round "6.14"]
[White "Svorad Tomas"]
[Black "Marcin, Richard"]
[Result "1-0"]
[ECO "C42"]
[WhiteElo "1405"]
[BlackElo "1325"]
[Annotator "NA COMBH"]
[PlyCount "60"]
[EventDate "2022.05.22"]
[EventCountry "SVK"]
[SourceTitle "playchess.com"]
[Source "ChessBase"]
[SourceQuality "1"]
[TimeControl "40/5400+30:1800+30"]

1. e4 e5 2. Nf3 Nf6 3. Nxe5 Qe7 4. Nf3 Nxe4 5. Be2 d5 6. O-O g6 7. d3 Nf6 8. Bg5 Bg7 9. Nc3 c6 10. Re1 O-O 11. Qd2 Be6 12. Bh6 Nbd7 13. Bxg7 Kxg7 14. d4 Rad8 15. Bd3 Qb4 16. Ng5 Rfe8 17. Nxe6+ fxe6 18. Be2 c5 19. dxc5 d4 20. Ne4 Qxb2 21. Nxf6 Nxf6 22. Bc4 e5 23. Reb1 Ne4 24. Qe2 Qc3 25. Bb5 Nd2 26. Bxe8 Nxb1 27. Qxe5+ Kh6 28. Rxb1 Qxc2 29. Re1 d3 30. Qf4+ Kh5 1-0

[Event "Slovakian-ch Youth 2022"]
[Site "Lubovna"]
[Date "2022.05.25"]
[Round "6.14"]
[White "Horvath, Simon"]
[Black "Krivosik, Matus"]
[Result "0-1"]
[ECO "B15"]
[WhiteElo "1343"]
[BlackElo "1224"]
[Annotator "NA RC COMBH"]
[PlyCount "94"]
[EventDate "2022.05.22"]
[EventCountry "SVK"]
[SourceTitle "playchess.com"]
[Source "ChessBase"]
[SourceQuality "1"]
[TimeControl "40/5400+30:1800+30"]

1. e4 c6 2. d4 d5 3. Nc3 dxe4 4. Nxe4 Nf6 5. Nxf6+ exf6 6. Nf3 Bg4 7. h3 Bxf3 8. Qxf3 Qxd4 9. Qe3+ Qxe3+ 10. Bxe3 Be7 11. Be2 O-O 12. O-O Nd7 13. Rfd1 Rad8 14. Rd2 Nb6 15. Rxd8 Rxd8 16. Rd1 Rxd1+ 17. Bxd1 Nc4 18. b3 Nxe3 19. fxe3 Bc5 20. Kf2 Kf8 21. Kf3 Ke7 22. e4 Ke6 23. Kf4 Bd6+ 24. Ke3 b6 25. Bg4+ Ke5 26. Bd7 c5 27. c4 g6 28. Bg4 Bf8 29. Bf3 h5 30. g4 Bh6+ 31. Kd3 Kf4 32. Be2 h4 33. a3 f5 34. exf5 gxf5 35. gxf5 Kxf5 36. b4 Kf4 37. bxc5 bxc5 38. a4 Kg3 39. Bf1 f5 40. Ke2 f4 41. Ke1 f3 42. Be2 fxe2 43. Kxe2 Kxh3 44. Kf2 Be3+ 45. Kf3 Kh2 46. Kg4 h3 47. Kh4 Kg2 0-1

[Event "Slovakian-ch Youth 2022"]
[Site "Lubovna"]
[Date "2022.05.25"]
[Round "6.15"]
[White "Sandor, Samuel"]
[Black "Skreko, Igor"]
[Result "0-1"]
[ECO "B90"]
[WhiteElo "2054"]
[BlackElo "2065"]
[Annotator "TA"]
[PlyCount "96"]
[EventDate "2022.05.22"]
[EventCountry "SVK"]
[SourceTitle "playchess.com"]
[Source "ChessBase"]
[SourceQuality "1"]
[TimeControl "40/5400+30:1800+30"]

1. e4 c5 2. Nf3 d6 3. d4 cxd4 4. Nxd4 Nf6 5. Nc3 a6 6. h3 e5 {[%emt 0:00:08] 6...e5 is better than 6...e6.} 7. Nde2 h5 {[%emt 0:00:07] Inhibits g4. B90: Sicilian Najdorf: Unusual White 6th moves, 6 Be3 Ng4 and 6 Be3 e5.} 8. Nd5 Nxe4 9. Be3 {[%emt 0:00:06] [#] Bb6 is the strong threat.} Nd7 {[%emt 0:00:32] Inhibits Bb6. The position is equal.} 10. g3 Nef6 11. Nec3 Nxd5 12. Nxd5 {[%emt 0:03:15] [#]} b6 $146 ({Predecessor:} 12... Nf6 13. Bb6 {1-0 (15) Przybylski,W (2321)-Stukan,M (2325) Chess.com INT 2020}) 13. Bg2 {[%emt 0:03:12][%cal Oe3g5][%mdl 1024] White has strong compensation.} Bb7 14. O-O (14. f4 $16) 14... Rb8 15. f4 Be7 16. Qe2 h4 (16... Bxd5 $11 17. Bxd5 O-O) 17. Rad1 (17. g4 $16) 17... Bxd5 (17... hxg3 $15 {keeps the upper hand.} 18. fxe5 Nxe5) 18. Bxd5 $16 {[%emt 0:03:43] Black must now prevent fxe5.} O-O 19. Qxa6 (19. g4 $16) 19... hxg3 $14 20. Rf3 Bh4 21. Qd3 Nf6 22. Qf5 {[%emt 0:18:52] [#]} (22. fxe5 $15 Nxd5 23. Qxd5 dxe5 24. Qxd8 Rfxd8 25. Rxd8+ Bxd8 26. Rxg3) 22... e4 $1 $17 (22... Nxd5 23. Rxd5 Bf6 24. Rxg3 $15) 23. Rff1 (23. Bxe4 $2 g6 24. Qb5 Nxe4 $19) 23... Kh8 (23... Rc8 $17 24. Rd2 (24. Bxe4 $2 g6 $19) 24... Re8) 24. Bb3 (24. Bxe4 $2 g6 25. Qb5 Nxe4 $19) 24... b5 ({Black should try} 24... Ra8 $17 25. Bd4 Ra5 26. Bxf6 Rxf5 27. Bxd8 Rxd8) 25. Bd4 $1 $11 Qe7 26. Rfe1 Rfe8 27. Re3 d5 28. c3 (28. Bxf6 $11 Bxf6 29. Qh5+ Kg8 30. Bxd5) 28... Qe6 $17 {[%emt 0:02:11] White is on the road to losing.} 29. Qxe6 fxe6 30. Rf1 Ra8 31. Re2 (31. Bxf6 $17 gxf6 32. f5) 31... Nh5 $19 32. Rd2 Rf8 33. f5 (33. Be3 $142) 33... Bg5 ({Stronger than} 33... Rxf5 34. Rxf5 exf5 35. Be3 $17) ({Inferior is} 33... exf5 34. Bc5 $11) 34. Rdd1 Rxf5 ({And not} 34... exf5 35. Bxd5 Rae8 36. Bc5 $15) 35. Rxf5 exf5 36. Bxd5 Ra6 37. Kg2 $2 (37. Be5) 37... Bf6 (37... Nf4+ $142 38. Kxg3 Nxd5) 38. Bf7 (38. Be3 $142 g6 39. Kf1) 38... g6 39. Be3 Be5 {[%emt 0:01:40] aiming for ...f4.} 40. Bd4 Bxd4 41. cxd4 {[%emt 0:00:43][%mdl 4096] Endgame KRB-KRN} f4 {[%emt 0:01:35][%cal Bf5f4,Bf4f3][%mdl 32] ( -> ...f3+)} 42. Bd5 f3+ 43. Kf1 Nf6 {[%emt 0:00:44] Black mates.} 44. Bb7 Rxa2 45. Rb1 Ra7 46. Bc6 Rh7 47. Kg1 Rxh3 48. d5 g2 {[%emt 0:00:38] Weighted Error Value: White=0.65/Black=0.30} 0-1

[Event "Slovakian-ch Youth 2022"]
[Site "Lubovna"]
[Date "2022.05.25"]
[Round "6.15"]
[White "Rybovic, Alex"]
[Black "Valchev, Martin V"]
[Result "1-0"]
[ECO "C00"]
[WhiteElo "1000"]
[BlackElo "1193"]
[Annotator "NA RC COMBH"]
[PlyCount "77"]
[EventDate "2022.05.22"]
[EventCountry "SVK"]
[SourceTitle "playchess.com"]
[Source "ChessBase"]
[SourceQuality "1"]
[TimeControl "40/5400+30:1800+30"]

1. e4 e6 2. Nf3 d5 3. d3 dxe4 4. dxe4 Qxd1+ 5. Kxd1 Nc6 6. Nc3 e5 7. Nb5 Bd6 8. Be3 a6 9. Nxd6+ cxd6 10. Bc4 Bg4 11. h3 Bxf3+ 12. gxf3 Nf6 13. Bd5 Nxd5 14. exd5 Nb4 15. f4 Nxd5 16. fxe5 dxe5 17. Bc5 O-O-O 18. Ke2 Kb8 19. Rad1 Nf4+ 20. Ke3 Rxd1 21. Rxd1 Nxh3 22. Rd7 Rf8 23. Bxf8 Ng5 24. Bd6+ Kc8 25. Re7 Kd8 26. Rxb7 e4 27. Ra7 g6 28. Bf4 f6 29. Bxg5 fxg5 30. Kxe4 h5 31. Rg7 h4 32. Rxg6 h3 33. Rxg5 h2 34. Rh5 h1=Q+ 35. Rxh1 a5 36. Rh7 a4 37. f4 a3 38. bxa3 Ke8 39. a4 1-0

[Event "Slovakian-ch Youth 2022"]
[Site "Lubovna"]
[Date "2022.05.25"]
[Round "6.16"]
[White "Compel, Daniel"]
[Black "Salgovic, Simon"]
[Result "1/2-1/2"]
[ECO "C42"]
[WhiteElo "2106"]
[BlackElo "2091"]
[Annotator "TA"]
[PlyCount "50"]
[EventDate "2022.05.22"]
[EventCountry "SVK"]
[SourceTitle "playchess.com"]
[Source "ChessBase"]
[SourceQuality "1"]
[TimeControl "40/5400+30:1800+30"]

1. e4 e5 2. Nf3 Nf6 3. Nxe5 d6 4. Nf3 Nxe4 5. d4 d5 6. Bd3 Nc6 7. O-O Be7 8. Nc3 {[%emt 0:00:26] 8.Nbd2 is becoming the main line.} Nxc3 9. bxc3 Bg4 {[%emt 0:00:10] C42: Petroff Defence: 3 Nxe5 and unusual White 3rd moves.} 10. h3 Bh5 11. Re1 O-O 12. Rb1 Rb8 13. Bf4 Bd6 14. Bxd6 {[%emt 0:02:37] [#]} Bxf3 $146 ({Predecessor:} 14... Qxd6 15. Re3 f6 16. Qd2 Rfe8 17. Nh4 Rxe3 18. Qxe3 Re8 19. Qd2 Nd8 20. Nf5 Qd7 {½-½ (38) Topalov,V (2780)-Kramnik,V (2799) Nice 2008}) 15. Qxf3 Qxd6 16. Re3 Nd8 17. Qh5 {[%emt 0:02:57][%csl Gd3][%cal Rh5h7] [#]} g6 18. Qe5 $40 {[%emt 0:00:27][%mdl 128] White has some attack.} Qxe5 19. Rxe5 ({Much worse is} 19. dxe5 Ne6 $11) 19... c6 20. Re7 Kg7 21. f4 Kf6 {[%emt 0:03:30] Prevents f5.} 22. Re5 Ne6 23. f5 Nc7 {[%emt 0:04:29] The position is equal.} 24. Rf1 {[%emt 0:01:33] [#] Strongly threatening fxg6+.} g5 25. Rfe1 Rfe8 {[%emt 0:00:04] Weighted Error Value: White=0.11 (very precise) /Black=0.07 (flawless)} 1/2-1/2

[Event "Slovakian-ch Youth 2022"]
[Site "Lubovna"]
[Date "2022.05.25"]
[Round "6.16"]
[White "Kakus, Oliver"]
[Black "Kurimsky, Kristian"]
[Result "0-1"]
[ECO "A28"]
[WhiteElo "1000"]
[BlackElo "1006"]
[Annotator "NA RC COMBH"]
[PlyCount "28"]
[EventDate "2022.05.22"]
[EventCountry "SVK"]
[SourceTitle "playchess.com"]
[Source "ChessBase"]
[SourceQuality "1"]
[TimeControl "40/5400+30:1800+30"]

1. c4 Nf6 2. Nc3 e5 3. Nf3 Nc6 4. d3 h6 5. d4 exd4 6. Nxd4 Bc5 7. Be3 Qe7 8. Nxc6 dxc6 9. Bxc5 Qxc5 10. Qd3 Bf5 11. Qg3 O-O-O 12. e3 Ne4 13. Nxe4 Qb4+ 14. Nd2 Qxd2# 0-1

[Event "Slovakian-ch Youth 2022"]
[Site "Lubovna"]
[Date "2022.05.25"]
[Round "6.17"]
[White "Rak, Martin"]
[Black "Paluska, Karol"]
[Result "1-0"]
[ECO "B15"]
[WhiteElo "1849"]
[BlackElo "2006"]
[Annotator "TA"]
[PlyCount "97"]
[EventDate "2022.05.22"]
[EventCountry "SVK"]
[SourceTitle "playchess.com"]
[Source "ChessBase"]
[SourceQuality "1"]
[TimeControl "40/5400+30:1800+30"]

1. e4 c6 2. d4 d5 3. Nc3 dxe4 4. Nxe4 Nf6 5. Nxf6+ exf6 6. c3 Bd6 7. Bd3 Be6 8. Ne2 Qc7 9. Qc2 h6 {[%emt 0:06:38] B15: Caro-Kann: 3 Nc3: 3...g6 and 3...dxe4 4 Nxe4 Nf6 5 Nxf6+ exf6.} 10. Ng3 O-O 11. O-O Nd7 {[%emt 0:05:38] White is slightly better.} 12. f4 {[%emt 0:05:14] [#] Black must now prevent f5.} b5 $146 ({Predecessor:} 12... Nb6 13. c4 c5 14. d5 Bc8 15. Bd2 Re8 16. h3 Nd7 17. a4 Nf8 18. Nh5 Qd8 {1-0 (45) Khanin,S (2397)-Burmakin,V (2545) St Petersburg 2016}) 13. b3 c5 14. Bxb5 (14. Be4 $16 {aiming for f5.} cxd4 15. Bxa8 Rxa8 16. Qe4) 14... cxd4 $15 15. Bxd7 Bxd7 16. c4 Bc5 {[%emt 0:01:27] A strong pair of Bishops.} 17. Qd3 Rad8 18. a3 a5 19. Bd2 Rb8 {[%emt 0:05:24] Inhibits b4.} 20. Rfb1 Bd6 21. Qf1 (21. Nh5 $11) 21... Be6 $17 22. Ne4 Bf5 23. Nxd6 Qxd6 (23... Bxb1 $6 24. Nb5 Rxb5 25. cxb5 $11) 24. Rb2 d3 $1 {[%emt 0:00:31] ...Qd4+ is the strong threat.} 25. Qf2 {[%emt 0:04:49] Prevents Qd4.} Rfe8 26. Be3 $2 (26. c5 $17 Qd5 27. Bxa5) 26... Bg4 $2 (26... Re4 $19 {And now ...Rbe8 would win.} 27. b4 Rxc4) 27. c5 Qe6 (27... Qd5 $142 28. b4 axb4 29. axb4 Bd7) 28. h3 Be2 (28... Qxe3 $6 29. Qxe3 Rxe3 30. hxg4 $11) 29. Bd2 Rxb3 30. Rxb3 Qxb3 31. Bxa5 $2 (31. Qd4 $17 {was the only defense.}) 31... Qb2 $19 32. Qe1 Qd4+ 33. Kh1 $2 (33. Kh2) 33... Qxc5 $2 (33... d2 34. Bxd2 Bb5) 34. Bb4 Qd4 35. a4 Rd8 $2 (35... Qxf4 $2 36. Bd2 Qb8 37. Rb1 $19) (35... Re4 $19 36. Bd2 Bf3 $1 ) 36. Bd2 $17 g5 (36... Rd6 $17) 37. a5 (37. fxg5 $11 hxg5 38. a5) 37... gxf4 38. a6 $2 (38. Bc3 $17 Qe4 39. Bd2) 38... Kh7 $2 (38... f3 $19 {is more deadly.} 39. Bc3 f2) 39. a7 $2 {[%emt 0:01:40][%mdl 8192] [#]} (39. Qg1 $17 Qe5 40. a7) 39... Ra8 $2 ({Better is} 39... f3 $1 $19 40. Bc3 fxg2+ 41. Kh2 g1=B+ 42. Qxg1 Qxc3) 40. Qg1 $11 Qe4 41. Qf2 Rg8 {[%emt 0:14:10][%cal Og8g2] Hoping for ...Rxg2!} 42. Kh2 f3 $1 43. g3 {[%emt 0:00:46] Strongly threatening Ra6.} h5 $2 (43... Ra8 $1 $11) 44. Ra5 $18 {[%emt 0:04:34][%mdl 1024] White has strong compensation.} f5 $2 (44... Ra8 {is a better chance.} 45. Rxh5+ Kg7) 45. Ra6 $2 $40 {[%emt 0:00:28][%mdl 128] Black is in trouble.} ({Not} 45. Qe3 $2 Qxe3 46. Bxe3 f2 47. Bxf2 d2 $19) (45. g4 $18 {and White stays clearly on top. Intending Qh4 and mate.} Bd1 46. Rxf5) 45... Ra8 $2 (45... Bd1 $16) 46. Rh6+ {[%emt 0:04:25] White mates.} ({But not} 46. Qe3 $2 Qxe3 47. Bxe3 d2 48. Bxd2 f2 $19) 46... Kg7 47. Qb6 Qe5 48. Rxh5 Bf1 49. Qh6+ {[%emt 0:00:19] Quite a comeback for White.  Weighted Error Value: White=0.80/Black=0.84} 1-0

[Event "Slovakian-ch Youth 2022"]
[Site "Lubovna"]
[Date "2022.05.25"]
[Round "6.18"]
[White "Jurky, Marian"]
[Black "Lovcican, Tomas"]
[Result "0-1"]
[ECO "D35"]
[WhiteElo "1689"]
[BlackElo "2024"]
[Annotator "TA"]
[PlyCount "128"]
[EventDate "2022.05.22"]
[EventCountry "SVK"]
[SourceTitle "playchess.com"]
[Source "ChessBase"]
[SourceQuality "1"]
[TimeControl "40/5400+30:1800+30"]

1. d4 d5 2. c4 e6 3. Nc3 Nf6 4. cxd5 exd5 5. Bg5 Nbd7 6. e3 c6 7. Bd3 Qa5 8. Bxf6 {[%emt 0:03:21] D35: Queen's Gambit Declined: Exchange Variation.} (8. Bh4 $14) 8... Nxf6 $11 9. Nge2 Bd6 10. Qc2 {[%emt 0:03:05] [#] Black is slightly better.} Be6 $146 ({Predecessor:} 10... O-O 11. O-O h6 12. Ng3 Qc7 13. Rfc1 Qe7 14. Nf5 Bxf5 15. Bxf5 Rfd8 16. Rab1 Nd7 {½-½ (33) Acimovic,S (1523)-Brilej,J (1591) Moravske Toplice 2014}) 11. a3 h5 12. h3 h4 13. Nc1 Nd7 14. Nb3 Qd8 15. Bf5 (15. Na4 {is more complex.} Qg5 16. O-O Bxh3 17. f4) 15... Qg5 16. Bxe6 fxe6 17. O-O-O Rf8 (17... O-O-O {feels hotter.} 18. Nb5 Bb8 19. Rhg1 Rhf8) 18. f4 Qg3 (18... Qe7 $11) 19. Qe2 (19. Rhf1 $14) 19... O-O-O (19... g5 $15 {should be considered.}) 20. Rdf1 Kb8 21. Kb1 Rc8 22. Rf3 Qg6+ 23. Ka1 Nb6 24. Rc1 Nc4 25. Nd2 b5 26. Nxc4 bxc4 27. Qc2 (27. g4 $11) 27... Rf6 {[%emt 0:07:41] Black is more active.} (27... Qxc2 $17 28. Rxc2 Kb7) 28. Qxg6 Rxg6 29. Rg1 Rh8 30. g4 hxg3 31. Rfxg3 Rxg3 32. Rxg3 $15 {[%emt 0:00:01][%mdl 4096] Endgame KRB-KRN} g5 33. Ne2 Rh4 (33... gxf4 $17 34. exf4 Rh4) 34. Rxg5 (34. Rg4 $1 $11) 34... Rxh3 35. Rg3 Rh2 36. Nc3 Rh1+ 37. Ka2 Re1 38. Rf3 Kc7 39. Rh3 a6 40. Na4 Kd7 41. Rh7+ Ke8 42. Rh3 Kf7 43. Rg3 (43. Rh7+ $11 Kf6 44. Ra7) 43... Kf6 (43... Be7 $17 44. Rh3 Kg6) 44. Nc3 {[%emt 0:00:00] This move loses the game for White.} (44. Nb6 $1 $15) 44... c5 $19 45. e4 $2 (45. a4) 45... Bxf4 46. Rg4 {[%emt 0:00:00] [#]} cxd4 $1 47. Rxf4+ {[%emt 0:00:00] KRN-KR} Ke5 48. Rf2 dxc3 49. exd5 cxb2 50. Kxb2 exd5 {[%emt 0:00:16] KR-KR} 51. Rh2 Re3 52. Rc2 Rb3+ 53. Ka2 Ke4 {[%emt 0:00:12] Black mates.} 54. Rc1 Kd4 55. Rc2 Kd3 56. Rh2 d4 57. Rh3+ Kc2 58. Rh2+ Kc3 59. Rh1 d3 60. Rc1+ Kd4 61. Re1 d2 62. Rd1 Kc3 63. Rh1 Kc2 64. Rh2 Kc1 {[%emt 0:00:09] Weighted Error Value: White=0.70/Black=0.17 (very precise)} 0-1

[Event "Slovakian-ch Youth 2022"]
[Site "Lubovna"]
[Date "2022.05.25"]
[Round "6.19"]
[White "Janik, Marek Tobias"]
[Black "Orgon, Patrik"]
[Result "1-0"]
[ECO "A21"]
[WhiteElo "1840"]
[BlackElo "1721"]
[Annotator "NA COMBH"]
[PlyCount "95"]
[EventDate "2022.05.22"]
[EventCountry "SVK"]
[SourceTitle "playchess.com"]
[Source "ChessBase"]
[SourceQuality "1"]
[TimeControl "40/5400+30:1800+30"]

1. c4 e5 2. Nc3 f5 3. g3 Nf6 4. Bg2 d6 5. e3 c6 6. Nge2 Be6 7. b3 g6 8. Bb2 Bg7 9. d4 Qc7 10. O-O O-O 11. Rc1 Na6 12. d5 Bf7 13. e4 cxd5 14. Nxd5 Bxd5 15. exd5 Rac8 16. Ba3 Rfe8 17. b4 Nd7 18. c5 b6 19. c6 Nf6 20. b5 Nc5 21. Bxc5 bxc5 22. Qa4 Bh6 23. Rb1 e4 24. Qc4 Qa5 25. a4 Re5 26. Rfd1 Kf8 27. Nf4 Bxf4 28. gxf4 Re7 29. Rbc1 Kf7 30. Bf1 Nh5 31. Qc3 Qxa4 32. Ra1 Qb4 33. Qxb4 cxb4 34. Rdb1 Nxf4 35. Rxb4 g5 36. Rba4 Rcc7 37. Bc4 h5 38. R1a2 h4 39. R2a3 h3 40. Kf1 Ke8 41. Ra6 g4 42. b6 axb6 43. Rxb6 Ra7 44. Rb8+ Kf7 45. Rxa7 Rxa7 46. Rb7+ Kf6 47. Rxa7 g3 48. fxg3 1-0

[Event "Slovakian-ch Youth 2022"]
[Site "Lubovna"]
[Date "2022.05.25"]
[Round "6.20"]
[White "Rakovsky, Jakub"]
[Black "Sevcik, Matej"]
[Result "1-0"]
[ECO "C55"]
[WhiteElo "1888"]
[BlackElo "1820"]
[Annotator "NA COMBH"]
[PlyCount "57"]
[EventDate "2022.05.22"]
[EventCountry "SVK"]
[SourceTitle "playchess.com"]
[Source "ChessBase"]
[SourceQuality "1"]
[TimeControl "40/5400+30:1800+30"]

1. e4 Nc6 2. Nf3 e5 3. Bc4 Nf6 4. d3 h6 5. Nbd2 g5 6. h3 Bg7 7. c3 O-O 8. Bb3 d5 9. Qe2 Be6 10. Nf1 Qd7 11. g4 dxe4 12. dxe4 a5 13. Ng3 a4 14. Bxe6 fxe6 15. Be3 Qf7 16. Bc5 Rfd8 17. h4 Qg6 18. hxg5 hxg5 19. Be3 Nxe4 20. Qc2 a3 21. Nxe4 axb2 22. Rb1 Rxa2 23. Nfxg5 Nd4 24. cxd4 exd4 25. Qd3 Ra1 26. Ke2 Rd5 27. Rxa1 bxa1=Q 28. Rxa1 dxe3 29. Nf6+ 1-0

[Event "Slovakian-ch Youth 2022"]
[Site "Lubovna"]
[Date "2022.05.25"]
[Round "6.21"]
[White "Koska, Jiri"]
[Black "Baron, Patrik"]
[Result "1/2-1/2"]
[ECO "A07"]
[WhiteElo "1759"]
[BlackElo "1740"]
[Annotator "NA COMBH"]
[PlyCount "70"]
[EventDate "2022.05.22"]
[EventCountry "SVK"]
[SourceTitle "playchess.com"]
[Source "ChessBase"]
[SourceQuality "1"]
[TimeControl "40/5400+30:1800+30"]

1. Nf3 d5 2. g3 c6 3. Bg2 Bg4 4. O-O Nd7 5. d3 Ngf6 6. Nbd2 e5 7. e4 Be7 8. Re1 Qc7 9. h3 Bh5 10. c3 O-O 11. Qc2 Rfe8 12. Nf1 Bg6 13. Nh4 Rad8 14. Nxg6 hxg6 15. Bg5 Bc5 16. b4 Bf8 17. Qb3 Nb6 18. Rad1 dxe4 19. Bxf6 gxf6 20. dxe4 Re6 21. Ne3 Red6 22. Bf1 Kg7 23. Nc4 Nxc4 24. Bxc4 b5 25. Be2 Be7 26. Rxd6 Rxd6 27. Rd1 Kf8 28. Rxd6 Qxd6 29. Qd1 Qxd1+ 30. Bxd1 Ke8 31. Kf1 Kd7 32. Ke2 c5 33. bxc5 Bxc5 34. g4 g5 35. f3 a5 1/2-1/2

[Event "Slovakian-ch Youth 2022"]
[Site "Lubovna"]
[Date "2022.05.25"]
[Round "6.22"]
[White "Horvath, Marek"]
[Black "Lakota, Jan"]
[Result "1-0"]
[ECO "B12"]
[WhiteElo "1801"]
[BlackElo "1488"]
[Annotator "NA COMBH"]
[PlyCount "48"]
[EventDate "2022.05.22"]
[EventCountry "SVK"]
[SourceTitle "playchess.com"]
[Source "ChessBase"]
[SourceQuality "1"]
[TimeControl "40/5400+30:1800+30"]

1. e4 c6 2. d4 d5 3. e5 Bf5 4. h4 c5 5. c3 Nc6 6. Be3 c4 7. g4 Bd7 8. f4 e6 9. h5 b5 10. Bh3 b4 11. Nd2 a5 12. Ne2 Be7 13. Nf3 h6 14. f5 Qc8 15. Qc2 a4 16. Nf4 b3 17. Qb1 Na5 18. a3 Ra6 19. fxe6 Bxe6 20. Nxe6 Qxe6 21. g5 Qc6 22. e6 f6 23. Qg6+ Kd8 24. Qxg7 Qd6 1-0